 Dungeon Crawl Stone Soup version 0.26.1-11-gd32895ea62 (webtiles) character file.

Game seed: 6133594681840739638

39 nothank2 the Magician (level 3, 0/26 HPs)
             Began as a Demonspawn Transmuter on June 24, 2021.
             Succumbed to an adder's poison
             ... on level 1 of the Dungeon.
             The game lasted 00:02:55 (1206 turns).

nothank2 the Magician (Demonspawn Transmuter)       Turns: 1206, Time: 00:02:55

Health: 0/26       AC:  2    Str: 10    XL:     3   Next: 26%
Magic:  7/7        EV: 12    Int: 15    God:
Gold:   96         SH:  0    Dex: 13    Spells: 4/8 levels left

rFire    . . .     SeeInvis .   d - +0 dagger
rCold    . . .     Faith    .   (no shield)
rNeg     . . .     Spirit   .   a - +0 robe
rPois    .         Reflect  .   (helmet currently unavailable)
rElec    .         Harm     .   b - scarf {shadows}
rCorr    .         Rampage  .   (no gloves)
Will     .....                  (boots currently unavailable)
Stlth    +.........             (no amulet)
HPRegen  0.08/turn              (no ring)
MPRegen  0.10/turn              (no ring)

@: lethally poisoned (0 -> -10), appendages (expiring)
A: horns 2, talons 1
a: End Transformation


You were on level 1 of the Dungeon.
You had grown temporary horns.
You visited 1 branch of the dungeon, and saw 2 of its levels.

You collected 96 gold pieces.

Inventory:

Hand Weapons
 d - a +0 dagger (weapon)
Armour
 a - a +0 robe (worn)
 b - a scarf of shadows (worn)
Scrolls
 c - a scroll of remove curse {unknown}
 e - a scroll of immolation {unknown}
 h - a scroll of identify {unknown}
Potions
 f - a potion of lignification {unknown}
 g - a potion of brilliance {unknown}
 i - 2 potions of mutation {unknown}


   Skills:
 - Level 1.0 Fighting
 - Level 1.7 Dodging
 - Level 2.6 Unarmed Combat
 + Level 3.0 Spellcasting
 + Level 2.5 Transmutations


You had 4 spell levels left.
You knew the following spells:

 Your Spells              Type           Power        Failure   Level
a - Beastly Appendage     Tmut           8%           7%          1
b - Spider Form           Tmut/Pois      1%           34%         3

Your spell library contained the following spells:

 Spells                   Type           Power        Failure   Level
 Wereblood                Tmut           4%           11%         2
 Ice Form                 Ice/Tmut       3%           75%         4
 Blade Hands              Tmut           2%           89%         5


Dungeon Overview and Level Annotations

Branches:
Dungeon (2/15)

Altars:


Innate Abilities, Weirdness & Mutations

You have sharp toenails.
You have a pair of horns on your head.


Message History

The adder is heavily wounded.
You feel sick. The adder zombie bites you. The adder closely misses you.
The adder bites you. The adder zombie closely misses you. The adder bites you.
You are lethally poisoned!
The adder poisons you!
You climb upwards.
* * * LOW HITPOINT WARNING * * *
You feel sick.
There is a stone staircase leading down here.
You closely miss the adder. You headbutt the adder.
The adder is severely wounded.
* * * LOW HITPOINT WARNING * * *
You feel sick. The adder bites you but does no damage.
You closely miss the adder. Your kick misses the adder.
The adder is severely wounded.
The adder bites you.
* * * LOW HITPOINT WARNING * * *
You hit the adder. You claw the adder. You punch the adder.
You kill the adder!
You die...

.).......####.##.#.....# #.#
............#>#........# #.##
.........##)#..#.#.....# #..#
..########)............# ##.#
........##.......###.### #.#
..#####.##....#.###.## #.#
..#####.##......##.#### #.#
.....##.##..###.#.#...## #.#
..##.##.##......@#.(...# #.#
..##.##.###.###..†.....#######.#
#.......###.###.##.............#
#.........#...........##########
#.##.####.#####.#####.# .....#
#.# #.#####.# ..#### #.#
#.......# ..# #.# ######### ..#
#.#


There were no monsters in sight!

Vanquished Creatures
  Jessica (D:2)
  An adder (D:1)
  A leopard gecko (D:1)
  2 bats (D:1)
  A hobgoblin (D:1)
  4 goblins
  2 kobolds (D:1)
  2 rats (D:1)
14 creatures vanquished.

Notes
Turn   | Place    | Note
-------+----------+-------------------------------------------
     0 | D:1      | nothank2 the Demonspawn Transmuter began the quest for the
                  | Orb.
     0 | D:1      | Reached XP level 1. HP: 15/15 MP: 3/3
   441 | D:1      | You fall into a shaft and drop 1 floor!
   445 | D:2      | Mutation became permanent: You have sharp toenails.
                  | [demonic ancestry]
   445 | D:2      | Gained mutation: You have razor-sharp toenails. [demonic
                  | ancestry]
   445 | D:2      | Reached XP level 2. HP: 21/21 MP: 3/5
   484 | D:2      | Noticed Jessica
   491 | D:2      | Killed Jessica
   492 | D:2      | Reached XP level 3. HP: 21/26 MP: 5/7
   700 | D:1      | Reached skill level 3 in Spellcasting
  1119 | D:1      | Learned a level 3 spell: Spider Form
  1205 | D:1      | HP: 1/26 [adder (5)]
  1206 | D:1      | Succumbed to an adder's poison

Illustrated notes

Levels and vault maps discovered:
D:1:      shiori_arrival_oz, layout_loops_cross, minmay_misc_feat_tiny
D:2:      lemuel_upstairs_altar, layout_loops_cross, lemuel_blue_sif_altar,
          uniq_jessica

Skill      XL: |  1  2  3 |
---------------+----------+-----
Transmutations | 2 |  2.5
Spellcasting   | 3 |  3.0
Fighting       | |  1.0
Dodging        | |  1.7
Unarmed Combat | |  2.6

Action                   || total
-------------------------++-------
Melee: Spear             ||    20
       Unarmed           ||     4
       Headbutt          ||     3
       Dagger            ||    25
       Kick              ||     8
       Punch             ||     1
 Cast: Beastly Appendage ||    12
Armor: Robe              ||     9
Dodge: Dodged            ||    28
